Map: Orbital Shipyard

Players

HuK

  • Race: Protoss Protoss
  • League: Grandmaster

AcerBly (Bly) - Winner!

  • Race: Zerg Zerg

Event: DreamHack ROCCAT LotV Championship

VOD

Have the link to the VOD?

Description

Time

  • Played on: Nov. 26, 2015, 9:43 a.m.
  • Length: 16:32

All games in this series

Show
View Real Time Build Order
Export as new Build Order

HuK Protoss 

Build Orders: 1 Gate Expand 

Get SALT Encoding   

  12  0:01  Probe (Chrono Boost)  
  13  0:11  Probe (Chrono Boost)  
  14  0:19  Pylon  
  14  0:22  Probe (Chrono Boost)  
  15  0:38  Probe (Chrono Boost), Gateway  
  16  0:42  Assimilator  
  16  0:48  Probe (Chrono Boost)  
  17  0:59  Probe (Chrono Boost)  
  18  1:09  Probe (Chrono Boost)  
  19  1:20  Probe (Chrono Boost)  
  20  1:26  Nexus  
  20  1:31  Probe (Chrono Boost)  
  21  1:35  Cybernetics Core  
  21  1:41  Assimilator  
  21  1:42  Probe (Chrono Boost)  
  22  1:49  Pylon  
  22  1:53  Probe (Chrono Boost)  
  23  2:07  Probe (Chrono Boost)  
  24  2:12  Warp Gate  
  24  2:15  Robotics Facility  
  24  2:18  Probe (Chrono Boost)  
  25  2:27  Adept (Chrono Boost)  
  28  2:33  Mothership Core (Chrono Boost)  
  29  2:43  Probe (Chrono Boost)  
  30  2:52  Sentry  
  30  2:53  Probe (Chrono Boost)  
  30  2:54  Probe (Chrono Boost)  
  34  3:03  Warp Prism  
  34  3:04  Probe x2 (Chrono Boost)  
  37  3:14  Probe (Chrono Boost)  
  37  3:15  Probe (Chrono Boost)  
  39  3:22  Sentry  
  39  3:23  Gateway  
  39  3:24  Gateway  
  39  3:25  Probe (Chrono Boost)  
  42  3:30  Probe (Chrono Boost)  
  43  3:35  Probe (Chrono Boost)  
  43  3:37  Gateway  
  44  3:45  Observer  
  44  3:46  Probe (Chrono Boost)  
  44  3:48  Pylon  
  46  3:59  Pylon  
  46  4:06  Probe x2 (Chrono Boost)  
  48  4:17  Probe x2 (Chrono Boost)  
  50  4:23  Adept x3  
  56  4:27  Probe x2  
  54  4:39  Probe x2  
  56  4:46  Assimilator  
  56  4:49  Assimilator  
  56  4:50  Forge  
  56  4:51  Probe x2, Nexus  
  50  4:52  Robotics Bay  
  50  4:53  Sentry x2  
  50  4:57  Pylon  
  54  5:03  Pylon  
  54  5:06  Probe  
  55  5:10  Probe  
  55  5:12  Warp Prism (Chrono Boost)  
  58  5:15  Sentry  
  60  5:21  Probe, Adept  
  60  5:22  Probe  
  60  5:23  Adept  
  66  5:33  Probe  
  67  5:38  Probe  
  67  5:41  Disruptor (Chrono Boost)  
  68  5:44  Protoss Ground Weapons Level 1 (Chrono Boost)  
  68  5:45  Probe  
  68  5:49  Adept  
  74  5:52  Probe  
  75  5:57  Probe  
  75  6:00  Pylon  
  75  6:02  Probe  
  75  6:03  Pylon x2  
  76  6:04  Probe  
  76  6:09  Probe  
  79  6:13  Probe  
  79  6:15  Assimilator  
  79  6:16  Probe, Assimilator  
  79  6:17  Disruptor  
  84  6:22  Probe  
  84  6:24  Zealot x4  
  93  6:34  Stargate  
  93  6:36  Stargate  
  91  6:57  Probe  
  91  6:59  Stalker x2  
  91  7:00  Stalker x2  
  98  7:02  Probe x2  
  98  7:03  Disruptor  
  99  7:10  Pylon  
  99  7:12  Pylon  
  99  7:14  Gateway  
  99  7:15  Gateway  
  99  7:18  Gateway  
  99  7:21  Phoenix x2 (Chrono Boost)  
  103  7:31  Photon Cannon  
  103  7:39  Photon Cannon  
  103  7:41  Photon Cannon  
  103  7:43  Phoenix x2 (Chrono Boost)  
  107  7:51  Stalker x2  
  111  7:52  Stalker x2  
  111  7:58  Gateway x2  
  115  8:06  Gravitic Drive  
  115  8:12  Phoenix x2 (Chrono Boost)  
  119  8:19  Fleet Beacon  
  119  8:25  Zealot x2  
  119  8:26  Zealot  
  119  8:27  Zealot x4  
  133  8:40  Phoenix (Chrono Boost)  
  131  8:47  Pylon  
  131  8:48  Pylon  
  129  8:49  Pylon  
  129  8:51  Pylon, Phoenix (Chrono Boost)  
  131  9:01  Phoenix (Chrono Boost)  
  133  9:09  Stalker x6  
  145  9:10  Stalker  
  145  9:13  Phoenix (Chrono Boost)  
  149  9:23  Phoenix (Chrono Boost)  
  151  9:34  Disruptor  
  154  9:45  Zealot x6  
  164  10:11  Disruptor  
  163  10:17  Phoenix (Chrono Boost)  
  165  10:25  Pylon  
  165  10:26  Pylon  
  165  10:27  Pylon x2  
  165  10:28  Pylon  
  159  10:37  Zealot x4  
  139  10:59  Stalker x6  
  139  11:00  Stalker x3  
  157  11:04  Disruptor  
  157  11:05  Nexus  
  150  11:24  Pylon  
  150  11:25  Pylon  
  150  11:26  Protoss Shields Level 1 (Chrono Boost), Anion Pulse-Crystals  
  150  11:27  Protoss Air Weapons Level 1  
  150  11:28  Pylon  
  150  11:30  Phoenix (Chrono Boost)  
  150  11:31  Pylon, Phoenix (Chrono Boost)  
  137  11:48  Probe x3  
  142  11:55  Carrier (Chrono Boost)  
  142  11:59  Carrier (Chrono Boost)  
  150  12:06  Stalker x2  
  150  12:07  Stalker x3  
  160  12:11  Probe, Photon Cannon  
  159  12:49  Adept x6  
  159  12:50  Adept  
  173  13:10  Phoenix  
  165  13:15  Twilight Council  
  165  13:19  Phoenix  
  169  13:22  Protoss Air Armor Level 1, Protoss Ground Armor Level 1 (Chrono Boost)  
  169  13:25  Photon Cannon  
  169  13:29  Probe x2  
  169  13:32  Phoenix  
  173  13:41  Probe  
  173  13:42  Probe x3  
  179  13:51  Carrier (Chrono Boost)  
  179  13:54  Probe  
  180  13:56  Phoenix (Chrono Boost)  
  186  14:12  Blink (Chrono Boost)  
  186  14:17  Assimilator  
  186  14:19  Assimilator  
  186  14:20  Carrier  
  192  14:26  Pylon  
  192  14:44  Stalker  
  192  14:45  Stalker x3  
  158  15:10  Stalker x2  
  158  15:11  Stalker x3  
  102  15:51  Stalker x2  
  102  15:52  Stalker x5  
  102  15:53  Stalker  
  108  16:00  Observer  
  70  16:20  Stalker x4  
  70  16:22  Stalker x2  
Show
View Real Time Build Order
Export as new Build Order

AcerBly Zerg - Winner!

Build Orders: Hatch First, Lurkers 

Get SALT Encoding   

  12  0:01  Drone  
  13  0:12  Overlord  
  13  0:18  Drone  
  14  0:30  Drone x2  
  14  0:34  Drone  
  17  0:54  Hatchery  
  16  0:58  Drone  
  16  0:59  Drone  
  18  1:12  Spawning Pool  
  18  1:16  Drone  
  18  1:18  Drone  
  19  1:40  Hatchery  
  19  1:45  Drone  
  19  1:47  Overlord  
  19  2:00  Zergling x2  
  19  2:01  Zergling x2  
  21  2:06  Queen  
  23  2:09  Zergling x2  
  23  2:11  Drone  
  25  2:22  Drone x2  
  27  2:27  Queen  
  29  2:32  Overlord  
  29  2:35  Drone  
  30  2:39  Drone  
  31  2:48  Queen  
  31  2:49  Drone  
  34  2:51  Drone  
  34  2:52  Drone  
  34  2:57  Drone  
  37  3:08  Drone  
  37  3:10  Drone x2  
  39  3:15  Drone x3  
  39  3:17  Extractor x2, Queen  
  42  3:21  Drone x3  
  42  3:25  Drone x2  
  47  3:32  Drone x2  
  49  3:35  Overlord  
  49  3:42  Overlord  
  49  3:52  Overlord x2  
  49  3:53  Roach Warren  
  49  3:55  Queen  
  50  3:56  Overlord  
  50  4:01  Drone  
  50  4:02  Drone x2  
  53  4:05  Metabolic Boost  
  53  4:07  Zergling x4  
  53  4:08  Extractor  
  54  4:14  Overlord  
  54  4:18  Drone x2  
  54  4:22  Zergling x2  
  54  4:23  Zergling x8  
  62  4:31  Zergling x10  
  62  4:36  Overlord  
  62  4:37  Drone x2  
  62  4:38  Drone  
  67  4:45  Drone x4  
  70  4:48  Drone x3  
  73  4:53  Lair  
  73  4:54  Drone  
  74  5:05  Drone x3  
  77  5:08  Overlord  
  77  5:12  Overlord, Extractor  
  76  5:15  Drone  
  76  5:16  Drone x2  
  76  5:19  Overlord  
  77  5:35  Drone x9  
  80  5:47  Drone x3  
  80  5:48  Drone x2, Extractor  
  80  5:49  Extractor  
  83  5:55  Overseer  
  83  5:57  Hatchery  
  83  5:58  Spire, Glial Reconstitution  
  83  5:59  Hydralisk Den  
  83  6:03  Hatchery  
  79  6:09  Drone x2  
  81  6:17  Overseer  
  81  6:28  Drone x3, Lurker Den  
  81  6:30  Drone  
  81  6:31  Drone x4, Infestation Pit  
  88  6:35  Overseer  
  88  6:38  Overlord  
  88  6:42  Zergling x16  
  92  6:50  Drone x3  
  92  6:52  Overlord  
  89  6:57  Extractor x2  
  89  7:01  Overlord  
  83  7:04  Drone x4  
  85  7:14  Mutalisk x4  
  93  7:23  Mutalisk  
  93  7:24  Mutalisk x5  
  105  7:30  Overlord  
  105  7:36  Mutalisk x2  
  109  7:38  Hydralisk  
  109  7:39  Hydralisk  
  109  7:41  Zergling x16  
  121  7:47  Evolution Chamber  
  121  7:48  Evolution Chamber  
  119  7:52  Hatchery  
  118  8:00  Zerg Flyer Weapons Level 1  
  118  8:01  Mutalisk x3  
  118  8:04  Drone x8  
  132  8:16  Zerg Ground Armor Level 1, Zerg Melee Weapons Level 1  
  132  8:22  Mutalisk x2  
  132  8:27  Extractor, Zergling x12  
  137  8:28  Extractor  
  136  8:44  Corruptor  
  136  8:45  Corruptor x3  
  142  8:48  Hive  
  142  8:53  Overlord  
  142  8:56  Spore Crawler  
  142  8:57  Spore Crawler  
  142  9:00  Corruptor x2  
  144  9:04  Hydralisk  
  144  9:20  Lurker x2, Hydralisk x4  
  144  9:21  Hydralisk  
  156  9:28  Drone x5  
  156  9:29  Drone  
  162  9:32  Lurker  
  158  9:40  Drone x2  
  158  9:43  Spore Crawler  
  158  9:48  Corruptor  
  158  9:49  Corruptor x2  
  158  9:50  Overlord  
  162  9:59  Overseer x2  
  158  10:13  Drone  
  158  10:14  Drone x3  
  162  10:15  Overlord  
  162  10:16  Overlord  
  162  10:18  Ultralisk Cavern  
  161  10:23  Lurker x2, Overseer  
  161  10:27  Drone  
  161  10:28  Drone x2  
  164  10:34  Hydralisk x5  
  167  10:37  Lurker x2  
  167  10:38  Lurker  
  160  10:55  Hydralisk x7  
  164  11:04  Drone x2  
  164  11:05  Drone  
  164  11:06  Chitinous Plating, Drone x2  
  168  11:25  Hatchery  
  173  11:32  Ultralisk  
  163  11:48  Viper x3  
  170  11:59  Overlord x3  
  170  12:02  Overlord  
  170  12:09  Greater Spire  
  170  12:22  Drone x8  
  175  12:23  Drone  
  175  12:24  Drone  
  175  12:28  Lurker x3  
  175  12:29  Lurker  
  177  12:51  Spore Crawler  
  177  12:54  Spore Crawler  
  177  12:57  Ultralisk x2  
  177  12:58  Ultralisk  
  195  13:17  Adrenal Glands  
  193  13:26  Pneumatized Carapace  
  193  13:29  Brood Lord x3  
  193  13:35  Brood Lord x3  
  199  13:43  Spine Crawler  
  199  13:44  Spine Crawler x2  
  196  13:52  Zerg Ground Armor Level 2, Zerg Melee Weapons Level 2  
  196  13:53  Zergling x4  
  196  13:54  Overlord x2  
  198  13:59  Extractor  
  197  14:09  Hatchery  
  196  14:17  Spore Crawler  
  196  14:18  Drone x3  
  198  14:28  Hydralisk  
  200  14:36  Hatchery  
  194  14:39  Viper x2  
  200  14:53  Spine Crawler  
  187  15:02  Hydralisk x7  
  187  15:06  Corruptor x3  
  191  15:26  Corruptor x4  
  191  15:28  Overlord  
  187  15:38  Corruptor x3  
  187  15:39  Corruptor x2  
  177  15:50  Corruptor x2  
  181  16:00  Hydralisk x2  
  181  16:01  Hydralisk  

Tags
 
Add a new tag
Caveats
  • Supply blocks, unpowered buildings, or Contaminate may cause inaccurate times.
  • Supply counts are checked every 10 seconds.